 Dungeon Crawl Stone Soup version 0.31-a0-986-g5e6e4ef867 (webtiles) character file.

Game seed: 7292190648640506436

1587162 RBrandon the Cloud Mage (level 24, 226/226 HPs)
             Began as an Armataur Reaver on Apr 8, 2023.
             Was the Champion of Hepliaklqana.
             Escaped with the Orb
             ... and 3 runes on Nov 25, 2023!
             The game lasted 03:31:55 (70447 turns).

RBrandon the Cloud Mage (Armataur Reaver)          Turns: 70447, Time: 03:31:55

Health: 226/226    AC: 39    Str: 19    XL:     24   Next: 35%
Magic:  34/37      EV:  6    Int: 28    God:    Hepliaklqana [******]
Gold:   4078       SH: 22    Dex: 10    Spells: 2/44 levels left

rFire   + + .        a - +10 rapier "Oqohiofie" {heavy, Int+4}
rCold   . . .        F - +5 tower shield {AC+3}
rNeg    . . .        i - +5 chain mail "Vunwuib" {Harm Will+ Int+3}
rPois   +            (helmet restricted)
rElec   +            I - scarf {rC+ rF+}
rCorr   .            R - +2 pair of gloves
SInv    +            n - +6 lightning scales {swift, rElec}
Will    +++..        D - amulet "Hargh" {Acrobat +Inv Stlth+}
Stlth   +            q - ring of protection from fire
HPRegen 0.57/turn    S - ring of Ulim {Wiz rElec rPois}
MPRegen 0.25/turn

%: random rage (3%), harm (+30% outgoing, +20% incoming), acrobat, roll,
wizardry (x1)
@: studying Short Blades, quick
A: reduced essence, large, rugged brown scales 3, deformed body, armoured tail,
roll, long tongue, awkward tongue, antennae 1, fangs 1, stinger 1, see
invisible, berserk 1, dopey 1, strong-willed 1, robust 1, screaming 1, wild
magic 1, cold vulnerability 1
0: Orb of Zot
}: 3/15 runes: decaying, serpentine, slimy
a: Renounce Religion, Evoke Invisibility, Recall Ancestor, Ancestor Identity,
Transference, Idealise


You escaped.
You worshipped Hepliaklqana.
Hepliaklqana was exalted by your worship.
You visited 9 branches of the dungeon, and saw 48 of its levels.
You also visited: Bailey and Ice Cave.

You collected 7555 gold pieces.
You spent 3477 gold pieces at shops.

Inventory:

Hand Weapons
 a - the +10 rapier "Oqohiofie" (weapon) {heavy, Int+4}
   (You found it on level 11 of the Dungeon)

   Int+4:     It affects your intelligence (+4).
 l - a +3 double sword of protection
   (You acquired it on level 2 of the Realm of Zot)
Missiles
 m - 11 atropa-tipped darts
 C - 7 curare-tipped darts
 Q - 2 throwing nets
Armour
 i - the +5 chain mail "Vunwuib" (worn) {Harm Will+ Int+3}
   (You bought it in a shop on level 2 of the Orcish Mines)

   Int+3:     It affects your intelligence (+3).
   Will+:     It increases your willpower.
   Harm:      It increases damage dealt and taken.
 n - the +6 lightning scales (worn) {swift, rElec}
   (You acquired it on level 3 of the Lair of Beasts)

   Swift:     It allows the wearer to cover ground more swiftly.
   rElec:     It insulates you from electricity.
 F - a +5 tower shield of protection (worn)
   (You took it off a naga warrior on level 4 of the Snake Pit)
 I - a scarf of resistance (worn)
   (You found it in an ice cave)
 R - a +2 pair of gloves (worn)
Jewellery
 b - a +4 ring of protection
 o - the ring of Ynneov {Will+ Str+3}
   (You found it on level 2 of the Swamp)

   [ring of willpower]

   Str+3:     It affects your strength (+3).
   Will+:     It increases your willpower.
 q - a ring of protection from fire (left hand)
 B - a ring of resist corrosion
 D - the amulet "Hargh" (around neck) {Acrobat +Inv Stlth+}
   (You found it in an ice cave)

   [amulet of the acrobat]

   Acrobat:   It increases your evasion while moving and waiting.
   +Inv:      It lets you turn invisible.
   Stlth+:    It makes you more stealthy.
 J - a ring of magical power
 S - the ring of Ulim (right hand) {Wiz rElec rPois}
   (You found it on level 12 of the Dungeon)

   [ring of wizardry]

   Wiz:       It improves your spell success rate.
   rElec:     It insulates you from electricity.
   rPois:     It protects you from poison
 W - a +6 ring of intelligence
 Z - a +6 ring of intelligence
Wands
 x - a wand of polymorph (12)
 y - a wand of iceblast (27)
 G - a wand of digging (25)
 K - a wand of mindburst (57)
 L - a wand of acid (5)
 M - a wand of charming (29)
Scrolls
 c - 17 scrolls of teleportation
 d - 4 scrolls of enchant armour
 f - 25 scrolls of identify
 g - 5 scrolls of brand weapon
 h - 7 scrolls of vulnerability
 p - 4 scrolls of fog
 t - 2 scrolls of silence
 v - 3 scrolls of blinking
 O - 2 scrolls of fear
 U - a scroll of torment
 V - 5 scrolls of immolation
 X - 3 scrolls of poison
Potions
 e - 6 potions of enlightenment
 j - 3 potions of ambrosia
 k - 18 potions of curing
 s - a potion of heal wounds
 u - 2 potions of resistance
 w - 3 potions of brilliance
 A - a potion of invisibility
 E - 5 potions of cancellation
 H - 3 potions of attraction
 N - 7 potions of lignification
 P - 5 potions of magic
 T - 5 potions of might
Miscellaneous
 r - a condenser vane
 z - a phial of floods (inert)


   Skills:
 - Level 16.9 Fighting
 - Level 13.4(14.0) Short Blades
 - Level 6.3(10.7) Long Blades
 - Level 19.4 Armour
 - Level 11.3 Dodging
 - Level 6.5 Stealth
 - Level 13.6 Shields
 - Level 10.7 Spellcasting
 - Level 8.3 Conjurations
 - Level 1.0 Necromancy
 - Level 1.0 Translocations
 - Level 7.7 Fire Magic
 + Level 23.1 Air Magic
 - Level 1.0 Poison Magic
 - Level 8.2 Invocations
 - Level 8.4 Evocations


You had 2 spell levels left.
You knew the following spells:

 Your Spells              Type           Power      Damage    Failure   Level
a - Plasma Beam           Fire/Air       46%        2x1d61    7%          6
b - Conjure Ball Lightni  Conj/Air       47%        3x3d16    6%          6
c - Airstrike             Air            56%        2d(8-24)  1%          4
d - Mephitic Cloud        Conj/Pois/Air  78%        N/A       1%          3
e - Searing Ray           Conj           100%       2d8       1%          2
f - Arcjolt               Conj/Air       47%        1d57      1%          5
g - Vhi's Electric Charg  Tloc/Air       100%       N/A       2%          4
i - Maxwell's Capacitive  Air            56%        ∞         12%         8
j - Summon Lightning Spi  Summ/Air       81%        N/A       2%          4

Your spell library contained the following spells:

 Spells                   Type           Power      Damage    Failure   Level
 Foxfire                  Conj/Fire      100%       2x1d9     1%          1
 Magic Dart               Conj           100%       1d8       1%          1
 Cigotuvi's Dreadful Rot  Necr/Pois/Air  100%       N/A       1%          2
 Static Discharge         Conj/Air       100%       3-8/arc   1%          2
 Kiss of Death            Conj/Necr      100%       2d13      4%          1
 Momentum Strike          Conj/Tloc      100%       3d10      6%          2
 Freeze                   Ice            76%        1d8       22%         1
 Slow                     Hex            76%        N/A       22%         1
 Summon Small Mammal      Summ           76%        N/A       22%         1
 Lesser Beckoning         Tloc           52%        N/A       22%         2
 Sublimation of Blood     Necr           27%        N/A       22%         2
 Call Imp                 Summ           38%        N/A       32%         2
 Ensorcelled Hibernation  Hex/Ice        38%        N/A       32%         2
 Silence                  Hex/Air        40%        N/A       6%          5
 Flame Wave               Conj/Fire      67%        2d15      9%          4
 Sticky Flame             Conj/Fire      67%        2d8       9%          4
 Volatile Blastmotes      Fire/Tloc      100%       2d18      12%         3
 Hailstorm                Conj/Ice       50%        3d11      13%         3
 Ignite Poison            Fire/Tmut/Pois 40%        N/A       21%         3
 Iskenderun's Battlesphe  Conj           69%        2d12      21%         5
 Fireball                 Conj/Fire      33%        3d14      22%         5
 Iskenderun's Mystic Bla  Conj/Tloc      52%        2d11      32%         4
 Gell's Gravitas          Tloc           26%        N/A       38%         3
 Teleport Other           Tloc           26%        N/A       38%         3
 Vampiric Draining        Necr           27%        2d7       38%         3
 Brom's Barrelling Bould  Conj/Erth      50%        2d7       38%         4
 Fulminant Prism          Conj/Hex       25%        3d14      38%         4
 Portal Projectile        Hex/Tloc       46%        N/A       45%         3
 Call Canine Familiar     Summ           19%        N/A       52%         3
 Confusing Touch          Hex            19%        N/A       52%         3
 Frozen Ramparts          Ice            38%        1d6       52%         3
 Ozocubu's Armour         Ice            19%        N/A       52%         3
 Summon Guardian Golem    Hex/Summ       19%        N/A       52%         3
 Tukima's Dance           Hex            19%        N/A       52%         3
 Irradiate                Conj/Tmut      25%        3d20      69%         5
 Animate Dead             Necr           27%        N/A       77%         4
 Dispel Undead            Necr           27%        3d13      77%         4
 Passage of Golubria      Tloc           26%        N/A       77%         4
 Anguish                  Hex/Necr       11%        N/A       83%         4
 Cause Fear               Hex            9%         N/A       88%         4
 Leda's Liquefaction      Hex/Erth       9%         N/A       88%         4
 Petrify                  Tmut/Erth      19%        N/A       88%         4
 Summon Ice Beast         Ice/Summ       19%        N/A       88%         4
 Summon Forest            Summ/Tloc      11%        N/A       98%         5
 Lee's Rapid Deconstruct  Erth           9%         3d7*      99%         5
 Yara's Violent Unravell  Hex/Tmut       9%         3d6       99%         5
 Orb of Destruction       Conj           34%        9d10      99%         7
 Death Channel            Necr           13%        N/A       100%        6
 Enfeeble                 Hex            9%         N/A       100%        7
 Haunt                    Necr/Summ      11%        N/A       100%        7
 Ozocubu's Refrigeration  Ice            9%         4d9       100%        7
 Ignition                 Fire           33%        3d10      100%        8
 Infestation              Necr           13%        N/A       100%        8
 Dragon's Call            Summ           9%         N/A       100%        9


Dungeon Overview and Level Annotations

Branches:
Dungeon (15/15)            Temple (0/1) D:5            Lair (5/5) D:10
  Swamp (4/4) Lair:3        Snake (4/4) Lair:2        Slime (5/5) Lair:5
    Orc (2/2) D:10            Elf (0/3) Orc:2        Vaults (4/5) D:13
  Crypt (0/3) Vaults:3     Depths (4/4) D:15            Zot (5/5) Depths:4
 Bailey (visited)           IceCv (visited)

Altars:
Ashenzari
Cheibriados
Elyvilon
Fedhas
Gozag
Hepliaklqana
Makhleb
Nemelex Xobeh
Okawaru
Ru
Sif Muna
Trog
Vehumet
Xom
Yredelemnul
Jiyva

Shops:
D:6 !   D:8 **   D:9 !   Orc:2 **??   Snake:3 =::   Snake:4 (   Vaults:1 *
Vaults:2 (*

Portals:
Hell: Depths:2 Depths:3 Depths:4
Abyss: Depths:3
Pandemonium: Depths:2 Depths:3 Depths:4
Ziggurat: Depths:4
Trove: Vaults:4 (give horn of Geryon)

Annotations:
D:5 2 runed translucent doors
D:10 exclusion: obsidian statue
Lair:2 2 transporters, Nabski's ghost, journeyman TeFE
Swamp:2 exclusion: door
Snake:4 Roxanne
Vaults:1 1 runed translucent door, ShangFenghuang's ghost, adept GnIE
Vaults:3 3 runed translucent doors
Zot:2 6 transporters


Innate Abilities, Weirdness & Mutations

Your life essence is reduced to manifest your ancestor. (-10% HP)
You are completely covered in rugged brown scales. (AC +3, +7% HP)
Armour fits poorly on your strangely shaped body.
You have a long armoured tail.
You roll when moving toward enemies. (Rampage)
Your long tongue fully drains potion bottles. (2x potion effects)
Your tongue gives you trouble enunciating. (1.5x scroll delay)
You have a pair of small antennae on your head.
You have very sharp teeth.
Your tail ends in a venomous barb.
You have supernaturally acute eyesight. (SInv)
You sometimes lose your temper in combat.
You are dopey. (Int -2)
You are strong-willed. (Will+)
You are robust. (+10% HP)
You occasionally shout uncontrollably at your foes.
Your spells are a little harder to cast, but a little more powerful.
You are vulnerable to cold. (rC-)


Message History

You kill the cacodemon!
What level of the Dungeon? (default 1, ? - help)
Your magical contamination has completely faded away.
A demonspawn corrupter and a shadow demon come into view.
The shadow demon gives a loud, deep croak!
The shadow demon gestures.
There is a stone staircase leading up here.
You block the hobgoblin's attack.
You climb upwards.
The hobgoblin dissolves into shadows!
The ball python dissolves into shadows!
There is a stone staircase leading down here.
You hit the shadow demon.
You tail-slap the shadow demon, but do no damage.
The shadow demon is lightly wounded.
The shadow demon hits you.
You impale the shadow demon!! Your bite misses the shadow demon.
The shadow demon is severely wounded.
You block the shadow demon's attack.
You puncture the shadow demon!
Your tail-slap misses the shadow demon.
The shadow demon is almost dead.
You block the shadow demon's attack.
You hit the shadow demon.
You bite the shadow demon, but do no damage.
The shadow demon is almost dead.
The shadow demon hits you but does no damage.
You hit the shadow demon.
You kill the shadow demon!
You feel your intelligence returning.
What level of the Dungeon? (default 1, ? - help) HP restored.
There is a stone staircase leading up here.
You climb upwards.
There is a stone staircase leading down here.
There is a stone staircase leading up here.
You climb upwards.
There is a stone staircase leading down here.
What level of the Dungeon? (default 1 @ (x,y), ? - help)
There is an open door here.
There is a staircase leading out of the dungeon here.
You have escaped!

#........# ##.##.##. # #........#
#.#..... #######........#
#.####.. .....##........# ##.#
#.. .....'.........# #..####..
.....##..########## ###.###....
.....###.## ##...## ##...# #.#..
###### #..## #.....###..### #.#..
##..# #..@..##..## #.#.. ####
##.###.....##.## #.#.. ...#
#####...##...###.#######.#..
##.###...#'#..+###'...'#...##.#..
##.##.....#....##.....#.....#....
##.##.....#.##..⌠..##.#.....###.#
##.##.....#.##..>.....#.....#...#
##.###...#+.##.#.#.#..'#...##...#
##.# #########.#.#.##########...#


There were no monsters in sight!

Vanquished Creatures
  the Royal Jelly (Slime:5)
  A dread lich (Zot:5)
  Mara (Depths:2)
  2 orbs of fire (Zot:5)
  An ancient lich (Zot:5)
  Sojobo (Depths:2)
  Parghit (Depths:4)
  Frederick (Vaults:2)
  Vv (Depths:3)
  2 Killer Klowns (Zot:5)
  Margery (Vaults:3)
  3 caustic shrikes (Depths:3)
  2 curse toes
  A golden dragon (Zot:1)
  the Enchantress (Depths:2)
  Jory (Vaults:2)
  3 electric golems
  8 tentacled monstrosities
  Asterion (Vaults:2)
  6 quicksilver dragons
  18 Orb Guardians
  22 acid blobs
  An Executioner (Zot:5)
  Mlioglotl (Snake:1)
  6 death cobs
  2 sphinxes (Vaults:4)
  Frances (Swamp:1)
  3 draconian monks
  2 storm dragons (Zot:1)
  2 tengu reavers (Depths:2)
  Aizul (Snake:4)
  Agnes (Snake:3)
  13 azure jellies
  2 draconian knights
  2 shadow dragons
  3 nagarajas (Snake:4)
  4 fire giants
  11 rockslimes
  A revenant (Vaults:3)
  6 frost giants
  A balrug (Depths:1)
  8 draconian scorchers
  Louise (D:14)
  2 draconian shifters
  An iron dragon (Depths:1)
  A draconian annihilator (Zot:2)
  11 vault wardens
  A spriggan defender (Depths:2)
  A ghoul (Swamp:3)
  4 spectral caustic shrikes (Depths:2)
  A cacodemon (D:4)
  7 formless jellyfish
  3 ghost moths (Zot:5)
  10 quicksilver oozes
  13 ironbound preservers
  7 stone giants
  6 ironbound thunderhulks
  3 very ugly things
  4 dire elephants (Vaults:4)
  5 yellow draconians
  3 eleionomae
  A vampire knight (Depths:2)
  6 black draconians
  3 green draconians
  7 bunyips
  3 purple draconians (Zot:5)
  2 spark wasps
  9 red draconians
  5 white draconians
  Snorg (D:14)
  An entropy weaver (Vaults:1)
  8 yaktaur captains
  3 ettins
  A rakshasa (Depths:2)
  3 shambling mangroves (Swamp:4)
  4 fire dragons
  12 vault guards
  Fannar (Lair:1)
  17 hydras
  10 great orbs of eyes
  2 ice dragons
  4 salamander tyrants (Snake:4)
  A peacekeeper (Vaults:4)
  2 catoblepae
  A sphinx zombie (Depths:1)
  4 spriggan air magi
  7 centaur warriors
  7 boulder beetles
  A ghost crab (Swamp:2)
  4 ironbound frosthearts
  6 anacondas
  11 death yaks
  2 alligators
  2 death knights
  2 ogre magi (Orc:2)
  13 two-headed ogres
  5 tengu warriors
  2 deep troll shamans
  9 naga warriors
  4 deep troll earth magi
  7 naga sharpshooters
  A vampire mage (Vaults:3)
  5 spriggan berserkers
  2 shock serpents
  A soul eater (Depths:1)
  12 hell knights
  2 salamander mystics
  5 skeletal warriors
  7 goliath frogs
  2 skysharks
  A flayed ghost (D:14)
  3 lindwurms
  34 deep trolls
  7 swamp dragons (Swamp:4)
  8 occultists
  11 ironbound convokers
  A quicksilver dragon simulacrum (Depths:1)
  5 glowing orange brains
  A shadow demon (D:3)
  4 iron trolls
  4 spriggan druids
  8 naga ritualists
  An obsidian statue (Zot:5)
  5 phantasmal warriors
  7 bog bodies
  4 orc knights
  6 necromancers
  Pikel (D:7)
  7 mana vipers
  10 harpies
  6 shining eyes
  24 ugly things
  2 orc sorcerers (Orc:2)
  A stone giant zombie (Vaults:2)
  10 cyclopes
  10 salamanders
  A wolf spider (D:14)
  6 will-o-the-wisps
  5 manticores
  2 deep elf pyromancers
  11 moths of wrath
  A frost giant skeleton (Depths:1)
  9 elephants
  26 black mambas
  11 naga magi
  13 vault sentinels
  An ice statue (IceCv)
  7 guardian serpents
  A gargoyle (D:10)
  4 eyes of devastation
  6 cane toads
  A rime drake (shapeshifter) (D:14)
  An unseen horror (D:12)
  An orange demon (D:4)
  An ice devil (Lair:2)
  3 rime drakes
  6 komodo dragons
  21 yaktaurs
  A tengu conjurer (D:14)
  4 freezing wraiths
  An efreet (D:14)
  12 trolls
  8 tyrant leeches
  19 hornets
  A tarantella (Vaults:1)
  Prince Ribbit (D:9)
  7 polar bears
  25 blink frogs
  A fire giant simulacrum (Depths:1)
  76 slime creatures
  A jumping spider (Vaults:1)
  A human simulacrum (Vaults:3)
  An ettin zombie (Depths:1)
  Sigmund (D:5)
  A centaur simulacrum (D:14)
  15 spriggans
  A shadow (D:10)
  A wyvern (Lair:5)
  2 water elementals (Depths:4)
  Grum (D:8)
  A fire elemental (Depths:1)
  3 hogs (Lair:5)
  3 wraiths
  2 golden eyes (Depths:4)
  56 yaks
  A neqoxec (D:13)
  4 basilisks
  10 humans (D:13)
  8 vampire mosquitoes
  A warg (D:15)
  Menkaure (D:5)
  9 swamp worms
  An acid dragon (D:11)
  32 nagas
  14 water moccasins
  Duvessa (D:7)
  An ogre skeleton (Vaults:2)
  6 glass eyes
  A black bear (D:7)
  11 orc warriors
  12 swamp drakes
  A human zombie (Vaults:2)
  4 ice beasts
  18 ogres
  19 wolves
  4 centaurs
  A lemure (D:7)
  2 phantoms
  2 kobold brigands
  6 bullfrogs
  7 scorpions
  An ogre simulacrum (Vaults:3)
  6 wights
  Dowan (D:7)
  6 killer bees
  3 howler monkeys
  5 electric eels
  2 jellies
  A gnoll bouda (D:7)
  5 hounds
  8 orc priests
  3 iguanas (D:5)
  12 orc wizards
  A lightning spire (Zot:1)
  7 gnolls
  9 adders
  A shadow imp (D:7)
  3 white imps
  A worm (D:3)
  A dart slug (D:1)
  41 orcs
  7 endoplasms
  5 giant cockroaches
  9 goblins
  4 hobgoblins
  4 jackals (D:4)
  11 kobolds
  2 quokkas
  4 ball pythons
  3 bats
  3 frilled lizards
  7 rats
  A spectral weapon (Zot:5)
1383 creatures vanquished.

Vanquished Creatures (collateral kills)
  A dread lich (Zot:5)
  An ancient lich (Zot:5)
  A juggernaut (Depths:3)
  5 Killer Klowns
  2 golden dragons (Zot:5)
  An electric golem (Zot:1)
  6 tentacled monstrosities
  A lich (Depths:1)
  9 Orb Guardians (Zot:5)
  2 sphinxes
  2 quicksilver dragons
  A titan (Depths:3)
  3 acid blobs (Slime:5)
  3 death cobs
  Kirke (Lair:5)
  3 tengu reavers
  5 storm dragons
  3 draconian monks
  2 nagarajas (Snake:4)
  3 shadow dragons
  4 fire giants
  6 rockslimes (Slime:5)
  An azure jelly (Slime:5)
  2 draconian knights
  2 frost giants (Depths:3)
  2 spectral caustic shrikes (Depths:2)
  An orc warlord (Vaults:3)
  A ghost moth (Zot:3)
  4 draconian shifters
  A draconian annihilator (Zot:5)
  A ghoul (Swamp:3)
  2 spriggan defenders (Depths:2)
  A quicksilver ooze (Slime:5)
  3 very ugly things
  3 red draconians
  A stone giant (Depths:2)
  A white draconian (Zot:2)
  5 yellow draconians
  5 purple draconians
  3 black draconians
  A green draconian (Zot:1)
  5 spark wasps
  The ghost of Hily the Summoner, a journeyman FeSu of Gozag (Swamp:3)
  An eidolon (Vaults:3)
  3 ettins
  A hydra (Lair:3)
  2 catoblepae (Lair:5)
  2 spriggan air magi
  An ice dragon (Depths:3)
  2 alligators (Swamp:3)
  2 centaur warriors
  A boulder beetle (D:9)
  A two-headed ogre (D:9)
  4 anacondas
  3 naga warriors
  A tengu warrior (Depths:2)
  2 death yaks
  A deep troll shaman (Depths:4)
  3 deep troll earth magi
  A naga sharpshooter (Snake:4)
  A hell knight (Depths:3)
  A spriggan berserker (Depths:2)
  3 skeletal warriors (D:13)
  2 iron trolls (Depths:1)
  A salamander mystic (Snake:4)
  2 glowing orange brains
  A bog body (Swamp:3)
  7 deep trolls
  A deep elf archer (D:14)
  A shadow demon (Zot:5)
  A lindwurm (Depths:2)
  A lindwurm (shapeshifter) (Depths:1)
  An occultist (Depths:2)
  3 orc knights (Vaults:3)
  3 mana vipers
  2 ugly things
  10 salamanders
  A will-o-the-wisp (Swamp:3)
  2 elephants (Lair:5)
  9 moths of wrath
  14 black mambas
  A guardian serpent (Snake:4)
  Joseph (D:8)
  3 naga magi
  2 cane toads
  An unseen horror (D:11)
  A rime drake (Depths:2)
  An ice devil (Lair:2)
  3 komodo dragons
  3 trolls
  A troll (shapeshifter) (Depths:3)
  A hornet (Lair:1)
  3 polar bears (IceCv)
  8 blink frogs
  A slime creature (D:13)
  A water elemental (Depths:3)
  4 spriggans
  3 wraiths
  A hog (Lair:5)
  A basilisk (Lair:5)
  13 yaks
  A vampire mosquito (D:13)
  A warg (Orc:1)
  A swamp worm (shapeshifter) (Depths:3)
  A swamp worm (Swamp:3)
  A water moccasin (Lair:2)
  7 nagas
  An acid dragon (D:9)
  A glass eye (Depths:1)
  5 orc warriors
  An ogre (Orc:2)
  9 wolves
  A lemure (D:7)
  A phantom (D:7)
  5 bullfrogs
  3 wights
  3 killer bees (D:9)
  4 electric eels
  A hound (D:10)
  3 orc priests
  A gnoll bouda (D:6)
  3 orc wizards
  A gnoll (D:7)
  27 orcs
  2 hobgoblins (D:10)
  6 kobolds
352 creatures vanquished.

Vanquished Creatures (others)
  An eleionoma (Swamp:4)
  A hydra (Swamp:1)
  2 bloated husks
  4 ancestors (D:7)
  60 battlemagi
  168 ball lightnings
  14 foxfires
250 creatures vanquished.

Grand Total: 1985 creatures vanquished

Notes
Turn   | Place    | Note
-------+----------+-------------------------------------------
     0 | D:1      | RBrandon the Armataur Reaver began the quest for the Orb.
     0 | D:1      | Reached XP level 1. HP: 18/18 MP: 3/3
   133 | D:1      | Reached XP level 2. HP: 25/25 MP: 4/4
   396 | D:1      | Reached skill level 1 in Necromancy
   791 | D:2      | Reached XP level 3. HP: 19/31 MP: 5/5
   878 | D:2      | Learned a level 2 spell: Static Discharge
   881 | D:2      | Learned a level 2 spell: Momentum Strike
  1330 | D:2      | Found a snail-covered altar of Cheibriados.
  1544 | D:2      | Reached skill level 1 in Air Magic
  1968 | D:3      | Noticed a phantom
  1984 | D:3      | Killed a phantom
  1985 | D:3      | Reached XP level 4. HP: 9/38 MP: 1/8
  2142 | D:3      | Reached XP level 5. HP: 43/43 MP: 6/10
  3216 | D:4      | Found a burning altar of Makhleb.
  3220 | D:4      | Found a shimmering altar of Xom.
  3227 | D:4      | Found a white marble altar of Elyvilon.
  3231 | D:4      | Found a hazy altar of Hepliaklqana.
  3238 | D:4      | Found a blossoming altar of Fedhas.
  3252 | D:4      | Became a worshipper of Hepliaklqana the Forgotten
  3429 | D:4      | Learned a level 3 spell: Mephitic Cloud
  3432 | D:4      | Learned a level 2 spell: Searing Ray
  3454 | D:4      | Found a radiant altar of Vehumet.
  3579 | D:4      | Found an opulent altar of Gozag.
  3589 | D:4      | Reached skill level 1 in Translocations
  3589 | D:4      | Reached XP level 6. HP: 44/51 MP: 8/12
  3639 | D:4      | Reached skill level 1 in Poison Magic
  3639 | D:4      | Reached skill level 2 in Air Magic
  3711 | D:4      | Identified the +1 spear of Xywomur {freeze, rF+ rC+}
  3906 | D:4      | Reached skill level 3 in Air Magic
  3906 | D:4      | Reached XP level 7. HP: 56/56 MP: 5/13
  4114 | D:5      | Entered Level 5 of the Dungeon
  4165 | D:5      | Noticed Sigmund
  4277 | D:5      | Killed Sigmund
  4278 | D:5      | Reached skill level 5 in Conjurations
  4278 | D:5      | Reached skill level 4 in Air Magic
  4292 | D:5      | Noticed Menkaure
  4299 | D:5      | Killed Menkaure
  4388 | D:5      | Reached XP level 8. HP: 64/65 MP: 8/14
  4433 | D:5      | Found a large runed translucent door.
  4433 | D:5      | Found a large runed translucent door.
  4440 | D:5      | Found a shimmering altar of Xom.
  4467 | D:5      | Reached skill level 5 in Air Magic
  4518 | D:5      | Found a staircase to the Ecumenical Temple.
  4827 | D:5      | Found an iron altar of Okawaru.
  5638 | D:6      | Reached skill level 6 in Air Magic
  5908 | D:6      | Reached * piety under Hepliaklqana
  6010 | D:6      | Found Weith's Distillery.
  6013 | D:6      | Bought a potion of haste for 140 gold pieces
  6013 | D:6      | Bought a potion of heal wounds for 70 gold pieces
  6013 | D:6      | Bought a potion of curing for 42 gold pieces
  6318 | D:6      | Reached XP level 9. HP: 55/55 MP: 5/15
  6852 | D:7      | Noticed Dowan
  6853 | D:7      | Noticed Duvessa
  7609 | D:7      | Killed Duvessa
  7609 | D:7      | Killed Dowan
  7610 | D:7      | Reached skill level 5 in Fighting
  7834 | D:7      | Noticed Pikel
  7848 | D:7      | Gained mutation: You possess an exceptional clarity of
                  | mind. [potion of mutation]
  7848 | D:7      | Lost mutation: You possess an exceptional clarity of mind.
                  | [potion of mutation]
  7848 | D:7      | Gained mutation: You are partially covered in large bone
                  | plates. (SH +4) [potion of mutation]
  7848 | D:7      | Gained mutation: You expend magic power (3 MP) to
                  | strengthen your wands. [potion of mutation]
  7848 | D:7      | Gained mutation: You are dopey. (Int -2) [potion of
                  | mutation]
  7848 | D:7      | Gained mutation: You are vulnerable to cold. (rC-) [potion
                  | of mutation]
  7848 | D:7      | Gained mutation: You are partially covered in iridescent
                  | scales. (AC +2) [potion of mutation]
  7857 | D:7      | Killed Pikel
  8190 | D:8      | Reached ** piety under Hepliaklqana
  8192 | D:8      | Remembered your ancestor Thamphthis as a battlemage
  8589 | D:8      | Found a bloodstained altar of Trog.
  8594 | D:8      | Found a shimmering blue altar of Sif Muna.
  8596 | D:8      | Found a snail-covered altar of Cheibriados.
  8684 | D:8      | Found Cazally's General Store.
  8688 | D:8      | Found Vuupp's Specific Store.
  8693 | D:8      | Bought a potion of heal wounds for 55 gold pieces
  8728 | D:8      | Reached XP level 10. HP: 80/83 MP: 16/16
  8734 | D:8      | Learned a level 5 spell: Arcjolt
  8880 | D:8      | Noticed Joseph
  8885 | D:8      | Noticed Grum
  8891 | D:8      | Killed Joseph
  8894 | D:8      | Killed Grum
  9472 | D:9      | Lost mutation: You are partially covered in iridescent
                  | scales. (AC +2) [potion of mutation]
  9472 | D:9      | Lost mutation: You expend magic power (3 MP) to strengthen
                  | your wands. [potion of mutation]
  9472 | D:9      | Lost mutation: You are vulnerable to cold. (rC-) [potion of
                  | mutation]
  9472 | D:9      | Lost mutation: You are dopey. (Int -2) [potion of mutation]
  9472 | D:9      | Lost mutation: You are partially covered in large bone
                  | plates. (SH +4) [potion of mutation]
  9472 | D:9      | Gained mutation: You have supernaturally acute eyesight.
                  | (SInv) [potion of mutation]
  9472 | D:9      | Gained mutation: You are agile. (Dex +4, Str/Int -1)
                  | [potion of mutation]
  9472 | D:9      | Gained mutation: You sometimes lose your temper in combat.
                  | [potion of mutation]
  9472 | D:9      | Gained mutation: Your muscles are strong. (Str +4, Int/Dex
                  | -1) [potion of mutation]
  9472 | D:9      | Gained mutation: You are strong-willed. (Will+) [potion of
                  | mutation]
  9472 | D:9      | Gained mutation: You have large cloven feet. [potion of
                  | mutation]
  9472 | D:9      | Gained mutation: You have a pair of small antennae on your
                  | head. [potion of mutation]
  9504 | D:9      | Reached *** piety under Hepliaklqana
  9513 | D:9      | Reached skill level 1 in Armour
  9631 | D:9      | Found Sosyinuc's Distillery.
  9634 | D:9      | Noticed a boulder beetle
  9641 | D:9      | Killed a boulder beetle
  9642 | D:9      | Reached skill level 5 in Armour
  9660 | D:9      | Bought a potion of heal wounds for 70 gold pieces
  9829 | D:9      | Noticed a two-headed ogre
  9984 | D:9      | Killed a two-headed ogre
 10112 | D:9      | Reached XP level 11. HP: 80/94 MP: 12/17
 10571 | D:9      | Noticed Prince Ribbit
 10579 | D:9      | Killed Prince Ribbit
 10721 | D:9      | You fall into a shaft and drop 3 floors!
 10886 | D:12     | Noticed a two-headed ogre
 10915 | D:12     | Killed a two-headed ogre
 10916 | D:12     | Reached skill level 5 in Long Blades
 11120 | D:12     | Identified the +1 pair of gloves of Ahofuyts {Fly Will+
                  | Str-3 Int+4}
 11183 | D:12     | Identified the ring of Ulim {Wiz rElec rPois}
 11224 | D:12     | Learned a level 4 spell: Vhi's Electric Charge
 11355 | D:12     | Reached **** piety under Hepliaklqana
 11434 | D:12     | Noticed a boulder beetle
 11441 | D:12     | Killed a boulder beetle
 11442 | D:12     | Reached skill level 7 in Air Magic
 11729 | D:11     | Noticed a boulder beetle
 11736 | D:11     | Noticed a two-headed ogre
 11742 | D:11     | Killed a two-headed ogre
 11743 | D:11     | Reached skill level 8 in Air Magic
 11746 | D:11     | Killed a boulder beetle
 11789 | D:11     | Noticed a green ugly thing
 11796 | D:11     | Killed a green ugly thing
 11797 | D:11     | Reached skill level 9 in Air Magic
 11875 | D:11     | Found a sparkling altar of Nemelex Xobeh.
 11937 | D:11     | Identified the +10 rapier "Oqohiofie" {heavy, Int+4}
 12256 | D:11     | Found a sacrificial altar of Ru.
 12534 | D:10     | Entered Level 10 of the Dungeon
 12544 | D:10     | Found a staircase to the Lair.
 12546 | D:10     | Reached XP level 12. HP: 97/100 MP: 8/18
 12695 | D:10     | Found a staircase to the Orcish Mines.
 12782 | D:10     | Found a basalt altar of Yredelemnul.
 12793 | D:10     | Reached ***** piety under Hepliaklqana
 12859 | D:10     | Noticed a two-headed ogre
 12873 | D:10     | Killed a two-headed ogre
 12874 | D:10     | Reached skill level 10 in Air Magic
 13030 | D:10     | Found a flagged portal.
 13037 | Bailey   | Entered a bailey
 13229 | Bailey   | Identified the +1 pair of boots "Zeufep" {rCorr}
 13250 | Bailey   | Reached skill level 5 in Spellcasting
 14146 | Lair:1   | Entered Level 1 of the Lair of Beasts
 14157 | Lair:1   | Reached skill level 1 in Evocations
 14315 | Lair:1   | Identified the +1 long sword of Jeerphena {heavy, rF+
                  | rCorr}
 14377 | Lair:1   | Noticed Fannar
 14378 | Lair:1   | Reached skill level 5 in Evocations
 14424 | Lair:1   | Killed Fannar
 15439 | Lair:2   | Found a transporter.
 15440 | Lair:2   | Found a transporter.
 15460 | Lair:2   | Found a frozen archway.
 15465 | Lair:2   | Reached XP level 13. HP: 107/107 MP: 12/22
 15485 | IceCv    | Entered an ice cave
 15576 | IceCv    | Reached skill level 1 in Short Blades
 15919 | IceCv    | Reached skill level 5 in Short Blades
 16058 | IceCv    | Noticed a frost giant
 16213 | IceCv    | Killed a frost giant
 16303 | IceCv    | Identified the amulet "Hargh" {Acrobat +Inv Stlth+}
 16307 | IceCv    | Got Piseageb's Incunabulum of Freezing
 16483 | Lair:2   | Noticed Nabski's ghost (journeyman TeFE)
 16485 | Lair:2   | Reached skill level 1 in Stealth
 16872 | Lair:2   | Found a staircase to the Snake Pit.
 17055 | Lair:2   | Reached skill level 5 in Stealth
 17493 | Lair:3   | Reached ****** piety under Hepliaklqana
 17609 | Lair:3   | Identified a scroll of acquirement
 17740 | Lair:3   | Acquired the +6 lightning scales {swift, rElec}
 17740 | Lair:3   | Found the +6 lightning scales {swift, rElec}
 18154 | Lair:3   | Reached skill level 10 in Armour
 18371 | Lair:3   | Found a staircase to the Swamp.
 18725 | Lair:4   | Reached XP level 14. HP: 95/114 MP: 9/23
 19730 | Lair:5   | Entered Level 5 of the Lair of Beasts
 20228 | Lair:5   | Noticed Kirke
 20239 | Lair:5   | Killed Kirke
 20477 | Lair:5   | Reached skill level 10 in Fighting
 20620 | Lair:5   | Found a staircase to the Slime Pits.
 21310 | Lair:5   | Identified the staff of conjuration "Lyptaokiaj" {Drain
                  | rC+++ SInv}
 21505 | Lair:5   | Learned a level 6 spell: Plasma Beam
 21647 | Orc:1    | Entered Level 1 of the Orcish Mines
 21774 | Orc:1    | Reached skill level 1 in Fire Magic
 21836 | Orc:1    | Found a shimmering blue altar of Sif Muna.
 22210 | Orc:2    | Entered Level 2 of the Orcish Mines
 22370 | Orc:2    | Found Hioj's Magic Scroll Shop.
 22379 | Orc:2    | Found Rainifuaq's Magic Scroll Shoppe.
 22383 | Orc:2    | Reached XP level 15. HP: 107/126 MP: 13/24
 22385 | Orc:2    | Reached skill level 5 in Fire Magic
 22421 | Orc:2    | Found Duas Pom's General Store.
 22476 | Orc:2    | Found Hiew's Assorted Antiques.
 22654 | Orc:2    | Found a staircase to the Elven Halls.
 22929 | Orc:2    | Bought a scroll of acquirement for 1404 gold pieces
 22929 | Orc:2    | Acquired 744 gold pieces
 23232 | D:13     | Found a gate to the Vaults.
 23765 | D:13     | Reached skill level 11 in Air Magic
 24593 | D:14     | Reached skill level 12 in Air Magic
 24705 | D:14     | Identified the +10 mace of Nisappuv {drain, rElec Str+6}
 25267 | D:14     | Noticed Snorg
 25274 | D:14     | Killed Snorg
 25275 | D:14     | Reached skill level 13 in Air Magic
 25285 | D:14     | Identified the -1 tower shield "Laoz" {Dex+5}
 25285 | D:14     | Noticed Louise
 25833 | D:14     | Killed Louise
 26131 | D:14     | Got the Directory of Bread
 26173 | D:14     | Reached XP level 16. HP: 80/133 MP: 14/25
 26174 | D:14     | Identified the +3 morningstar "Coumu" {flame, rElec}
 26283 | D:15     | Entered Level 15 of the Dungeon
 26657 | D:15     | Reached skill level 14 in Air Magic
 26689 | D:15     | HP: 5/133 [phantasmal warrior[a death knight] (13)]
 26889 | D:15     | Found a staircase to the Depths.
 26988 | D:15     | Found a broken altar of Ashenzari.
 27278 | Orc:2    | Bought an ichor-stained chain mail for 256 gold pieces
 27278 | Orc:2    | Identified the +5 chain mail "Vunwuib" {Harm Will+ Int+3}
                  | (You bought it in a shop on level 2 of the Orcish Mines)
 27439 | Swamp:1  | Entered Level 1 of the Swamp
 28279 | Swamp:1  | Noticed Frances
 28302 | Swamp:1  | Killed Frances
 28887 | Swamp:2  | Identified the ring of Ynneov {Will+ Str+3}
 28890 | Swamp:2  | Acquired 1231 gold pieces
 29220 | Swamp:2  | You fall into a shaft and drop 1 floor!
 29321 | Swamp:3  | Reached skill level 15 in Armour
 29779 | Swamp:3  | Found a runed translucent door.
 29779 | Swamp:3  | Noticed Hily's ghost (journeyman FeSu)
 29810 | Swamp:3  | Killed Hily's ghost
 29814 | Swamp:3  | Identified the staff of poison "Todaph" {rPois rC+ rCorr
                  | Int+3 SInv}
 29881 | Swamp:3  | Identified the +6 whip of the Telling Gods {chaos, *Noise
                  | rC+++ Dex+6}
 30161 | Swamp:3  | Learned a level 6 spell: Conjure Ball Lightning
 30307 | Swamp:4  | Entered Level 4 of the Swamp
 30431 | Snake:1  | Entered Level 1 of the Snake Pit
 30864 | Snake:1  | Reached XP level 17. HP: 86/139 MP: 19/28
 31059 | Snake:1  | Noticed Mlioglotl
 31064 | Snake:1  | Killed Mlioglotl
 32316 | Snake:2  | Reached skill level 10 in Spellcasting
 32806 | Snake:3  | Noticed Agnes
 32814 | Snake:3  | Killed Agnes
 33084 | Snake:3  | Upgraded the game from 0.30-a0-1035-g38d5fb2972 to
                  | 0.31-a0-702-gf82c85558f
 33505 | Snake:3  | Found Offosoq's Book Boutique.
 33507 | Snake:3  | Found Vonuqow's Jewellery Emporium.
 33508 | Snake:3  | Found Ablafimm's Book Boutique.
 33513 | Snake:3  | Bought a manual of Short Blades for 1440 gold pieces
 33816 | Snake:4  | Entered Level 4 of the Snake Pit
 33826 | Snake:4  | Identified Roxanne's Anthology of the Mantle
 33826 | Snake:4  | Noticed Roxanne
 34369 | Snake:4  | Reached skill level 10 in Short Blades
 34448 | Snake:4  | Noticed Aizul
 34459 | Snake:4  | Killed Aizul
 35161 | Snake:4  | Reached XP level 18. HP: 113/146 MP: 32/32
 35713 | Snake:4  | Reached skill level 15 in Air Magic
 36021 | Snake:4  | Got a serpentine rune of Zot
 36397 | Snake:4  | Found Idiecy's Antique Weapon Shoppe.
 36537 | Snake:4  | Upgraded the game from 0.31-a0-702-gf82c85558f to
                  | 0.31-a0-844-gdc52ec4e09
 36699 | Swamp:3  | Reached skill level 1 in Invocations
 37168 | Swamp:4  | Identified the +2 robe "Iproppi" {Rampage *Corrode Will+
                  | Dex+7}
 37415 | Swamp:4  | Reached skill level 5 in Invocations
 38173 | Swamp:4  | Got a decaying rune of Zot
 38344 | Swamp:4  | Got a worn book
 38392 | Swamp:4  | Identified the +3 long sword "Backscratcher" {freeze,
                  | Dex+2}
 38624 | Vaults:1 | Entered Level 1 of the Vaults
 39546 | Vaults:1 | Reached skill level 16 in Air Magic
 39901 | Vaults:1 | Found a runed translucent door.
 39915 | Vaults:1 | Identified the +3 leather armour "Ennih" {rElec rPois Will-
                  | Int+8}
 40271 | Vaults:1 | Reached XP level 19. HP: 153/153 MP: 33/33
 40308 | Vaults:1 | Identified the +6 trident of Tortfeasance {freeze, Int+3}
 40465 | Vaults:1 | Noticed ShangFenghuang's ghost (adept GnIE)
 40536 | Vaults:1 | Found Bagyemut's General Store.
 40723 | Vaults:2 | Noticed Frederick
 40728 | Vaults:2 | Killed Frederick
 41234 | Vaults:2 | Found Qidonydozidgh's Weapon Emporium.
 41438 | Vaults:2 | Reached skill level 5 in Dodging
 41945 | Vaults:2 | Noticed Jory
 41965 | Vaults:2 | Killed Jory
 42371 | Vaults:2 | Noticed Asterion
 42374 | Vaults:2 | Killed Asterion
 42506 | Vaults:2 | Found Gobyuw's Assorted Antiques.
 43631 | Vaults:3 | Noticed Margery
 43811 | Vaults:3 | Killed Margery
 44053 | Vaults:3 | Found a runed translucent gate.
 44054 | Vaults:3 | Found a runed translucent gate.
 44054 | Vaults:3 | Found a runed translucent gate.
 44955 | Vaults:3 | Found a staircase to the Crypt.
 46451 | Vaults:4 | Reached skill level 10 in Dodging
 46568 | Vaults:4 | Reached XP level 20. HP: 84/161 MP: 12/34
 48092 | Vaults:4 | Found a portal to a secret trove of treasure.
 48617 | Slime:1  | Entered Level 1 of the Pits of Slime
 49679 | Slime:1  | Upgraded the game from 0.31-a0-844-gdc52ec4e09 to
                  | 0.31-a0-986-g5e6e4ef867
 51125 | Slime:4  | Paralysed by a formless jellyfish for 1 turns
 51284 | Slime:3  | HP: 5/161 [large slime creature (27)]
 52064 | Slime:5  | Identified the of Gixowkic
 52064 | Slime:5  | Entered Level 5 of the Pits of Slime
 53044 | Slime:5  | Gained mutation: Your magical capacity is low. (-10% MP) [a
                  | shining eye]
 53194 | Slime:5  | Gained mutation: You occasionally shout uncontrollably at
                  | your foes. [a shining eye]
 53332 | Slime:5  | Noticed the Royal Jelly
 54079 | Slime:5  | Gained mutation: Your body sometimes deteriorates upon
                  | taking damage. [a shining eye]
 54081 | Slime:5  | Reached XP level 21. HP: 121/168 MP: 9/32
 54090 | Slime:5  | Found a viscous altar of Jiyva.
 54190 | Slime:5  | Killed the Royal Jelly
 54284 | Slime:5  | Identified the staff of Bywo {rF+ Str+3 Earth}
 54286 | Slime:5  | Got a slimy rune of Zot
 54298 | Slime:5  | Identified the ring of Resutih {rCorr MP+9 Dex+7}
 55016 | Depths:1 | Entered Level 1 of the Depths
 55020 | Depths:1 | Reached skill level 1 in Shields
 55689 | Depths:1 | Reached skill level 5 in Shields
 56182 | Depths:2 | Found a one-way gate leading to the halls of Pandemonium.
 56188 | Depths:2 | Noticed the Enchantress
 56200 | Depths:2 | Killed the Enchantress
 56598 | Depths:2 | Noticed Mara
 56604 | Depths:2 | Noticed RBrandon's illusion
 56756 | Depths:2 | Killed Mara
 56982 | Depths:2 | Reached skill level 10 in Shields
 57000 | Depths:2 | Noticed Sojobo
 57186 | Depths:1 | Lost mutation: You are agile. (Dex +4, Str/Int -1) [potion
                  | of mutation]
 57186 | Depths:1 | Lost mutation: Your body sometimes deteriorates upon taking
                  | damage. [potion of mutation]
 57186 | Depths:1 | Lost mutation: Your muscles are strong. (Str +4, Int/Dex
                  | -1) [potion of mutation]
 57186 | Depths:1 | Lost mutation: You have large cloven feet. [potion of
                  | mutation]
 57186 | Depths:1 | Lost mutation: You occasionally shout uncontrollably at
                  | your foes. [potion of mutation]
 57186 | Depths:1 | Lost mutation: Your magical capacity is low. (-10% MP)
                  | [potion of mutation]
 57186 | Depths:1 | Gained mutation: You occasionally shout uncontrollably at
                  | your foes. [potion of mutation]
 57186 | Depths:1 | Gained mutation: You have very sharp teeth. [potion of
                  | mutation]
 57186 | Depths:1 | Gained mutation: Your spells are a little harder to cast,
                  | but a little more powerful. [potion of mutation]
 57186 | Depths:1 | Gained mutation: Your tail ends in a venomous barb. [potion
                  | of mutation]
 57186 | Depths:1 | Gained mutation: You are robust. (+10% HP) [potion of
                  | mutation]
 57200 | Depths:2 | Killed Sojobo
 57910 | Depths:2 | Found a gateway to Hell.
 58441 | Depths:3 | Noticed a caustic shrike
 58441 | Depths:3 | Noticed a caustic shrike
 58441 | Depths:3 | Noticed a caustic shrike
 58454 | Depths:3 | Killed a caustic shrike
 58462 | Depths:3 | Killed a caustic shrike
 58463 | Depths:3 | Killed a caustic shrike
 58463 | Depths:3 | Noticed Vv
 59223 | Depths:3 | Reached XP level 22. HP: 195/195 MP: 36/36
 59311 | Depths:3 | Found a one-way gate to the infinite horrors of the Abyss.
 59368 | Depths:3 | Killed Vv
 59739 | Depths:3 | Noticed a juggernaut
 59750 | Depths:3 | Killed a juggernaut
 59785 | Depths:3 | Reached skill level 15 in Fighting
 60665 | Depths:4 | Entered Level 4 of the Depths
 60692 | Depths:4 | Found a one-way gateway to a ziggurat.
 61126 | Depths:4 | Identified the +10 flail "Otelut" {drain, *Slow rPois rF-
                  | rN+++}
 61566 | Depths:4 | Got a humming book
 61640 | Depths:4 | Found a gate to the Realm of Zot.
 61836 | Zot:1    | Entered Level 1 of the Realm of Zot
 61856 | Zot:1    | Noticed a golden dragon
 62097 | Zot:1    | Reached skill level 17 in Air Magic
 62102 | Zot:1    | Killed a golden dragon
 62465 | Zot:1    | Noticed Parghit
 62648 | Depths:4 | Killed Parghit
 63255 | Zot:1    | Identified the +10 whip of Malaise {vamp, Str+4 SInv}
 63548 | Zot:1    | Reached skill level 18 in Air Magic
 63854 | Zot:1    | Got a loosely-bound book
 64401 | Zot:2    | Acquired 290 gold pieces
 64403 | Zot:2    | Identified the "Noiniej" (You acquired it on level 2 of
                  | the Realm of Zot)
 64403 | Zot:2    | Acquired a +3 double sword of protection
 64440 | Zot:2    | Found a transporter.
 64519 | Zot:2    | Found a transporter.
 64810 | Zot:2    | Found a transporter.
 64811 | Zot:2    | Found a transporter.
 65310 | Zot:2    | Found a transporter.
 65311 | Zot:2    | Found a transporter.
 65318 | Zot:2    | Noticed a Killer Klown
 65321 | Zot:2    | Killed a Killer Klown
 65322 | Zot:2    | Reached XP level 23. HP: 218/218 MP: 24/37
 65402 | Zot:3    | Noticed a curse toe
 65623 | Zot:3    | Reached skill level 19 in Air Magic
 66137 | Zot:3    | Noticed a curse toe
 66245 | Zot:3    | Killed a curse toe
 66488 | Zot:4    | Learned a level 8 spell: Maxwell's Capacitive Coupling
 66489 | Zot:5    | Entered Level 5 of the Realm of Zot
 66808 | Zot:4    | Learned a level 4 spell: Summon Lightning Spire
 66815 | Zot:4    | Learned a level 4 spell: Airstrike
 66841 | Zot:5    | Noticed a Killer Klown
 66860 | Zot:5    | Killed a Killer Klown
 67153 | Zot:5    | Reached skill level 20 in Air Magic
 67777 | Zot:5    | Noticed an ancient lich
 67781 | Zot:5    | Noticed a Killer Klown
 67782 | Zot:5    | Noticed a dread lich
 67783 | Zot:5    | Noticed an orb of fire
 67786 | Zot:5    | Killed an ancient lich
 67788 | Zot:5    | Killed a Killer Klown
 67789 | Zot:5    | Gained mutation: You are dopey. (Int -2) [an orb of fire]
 67789 | Zot:5    | Killed a dread lich
 67790 | Zot:5    | Reached skill level 21 in Air Magic
 67840 | Zot:4    | Noticed a curse toe
 67847 | Zot:4    | Killed a curse toe
 68367 | Zot:5    | Noticed an orb of fire
 68368 | Zot:5    | Killed an orb of fire
 68501 | Zot:5    | Gained mutation: You are vulnerable to cold. (rC-) [an orb
                  | of fire]
 68505 | Zot:5    | Killed an orb of fire
 68560 | Zot:5    | Noticed a Killer Klown
 68565 | Zot:5    | Noticed an ancient lich
 68569 | Zot:5    | Killed a Killer Klown
 68573 | Zot:5    | Killed an ancient lich
 68666 | Zot:5    | Noticed a Killer Klown
 68673 | Zot:5    | Killed a Killer Klown
 68741 | Zot:5    | Noticed a Killer Klown
 68748 | Zot:5    | Killed a Killer Klown
 68850 | Zot:5    | Reached skill level 22 in Air Magic
 68851 | Zot:5    | Reached XP level 24. HP: 195/226 MP: 18/37
 69502 | Zot:5    | Noticed a Killer Klown
 69518 | Zot:5    | Killed a Killer Klown
 69529 | Zot:5    | Noticed a dread lich
 69812 | Zot:5    | Killed a dread lich
 69855 | Zot:5    | Got the Orb of Zot
 69903 | Zot:5    | Reached skill level 23 in Air Magic
 70447 | D:$      | Escaped with the Orb!

Illustrated notes

Levels and vault maps discovered:
D:1:      noname_arrival_rooms_in_the_neighbourhood, layout_basic,
          item_on_display_a
D:2:      kennysheep_six_static_rooms, layout_basic, serial_co_window_serial,
          co_window_of_opportunity_a, co_window_paths_a,
          co_window_of_opportunity_a, co_window_corner_a, co_window_paths_b,
          co_window_of_opportunity_a, co_window_paths_a, co_window_corner_a,
          co_window_cross_1, co_window_cross_2, co_window_unsneaky_path_e,
          co_window_broadway_b, co_window_unsneaky_path_a, co_window_corner_cb,
          co_window_of_opportunity_b, glass_columns_a, basic_altar
D:3:      layout_basic, st_stairs_8
D:4:      layout_rooms, mainiacjoe_overflow_catwalk, nicolae_gozag_seed_capital,
          nicolae_overflow_hallway_of_the_gods
D:5:      due_chaos_kobolds, layout_rooms, mainiacjoe_overflow_boulevard,
          minmay_temple_entry_drinking_statues, kennysheep_generic_room_14,
          uniq_sigmund, uniq_menkaure
D:6:      layout_gridville, serial_shops, nicolae_shop_behind_doors
D:7:      layout_cave_pods, uniq_pikel, uniq_duvessa
D:8:      layout_cave_pods, gammafunk_temple_overflow_forgotten,
          nicolae_specific_store, uniq_grum, uniq_joseph
D:9:      layout_irregular_city, serial_shops, shop,
          minmay_mirror_moons_of_madness, uniq_prince_ribbit1
D:10:     layout_loops_ring, nicolae_overflow_crystal_walls, erik_lair_island,
          enter_bailey_4, minmay_protected_statue
D:11:     layout_long_grid, minivault_16, hangedman_feature_mirror
D:12:     layout_irregular_city
D:13:     layout_long_grid, ximxim_vaults_locker_room
D:14:     minmay_the_grid_four_pointed_star
          [minmay_the_grid_triangle_9x9_wacky_v,
          minmay_the_grid_triangle_9x9_skeleton,
          minmay_the_grid_triangle_9x9_warning,
          minmay_the_grid_triangle_9x9_thin_v,
          minmay_the_grid_prize_shrinking_boxes], layout_long_grid,
          solitary_fountain, grunt_ministairs_15, uniq_louise, uniq_snorg
D:15:     grunt_enter_depths_snipers, layout_rooms, evilmike_ruin_ashenzari
Lair:1:   layout_roguey, grunt_megastairs_3, infiniplex_staircase_pool_2,
          serial_bayou_shore_a, uniq_fannar
Lair:2:   layout_regular_city, guppyfry_snake_entry_garden,
          portal_ice_cave_demonic_guard, gammafunk_ghost_hive, evilmike_ambush
          [evilmike_ambush_outer_basic, evilmike_ambush_inner_wall_2],
          infiniplex_staircase_pool
Lair:3:   layout_layer_cave, swamp_mist_pool, grunt_megastairs_2
Lair:4:   layout_cave_pods, grunt_megastairs_4, lemuel_fruit_fields
Lair:5:   evilmike_catoblepas_cave, layout_gridlike, dpeg_slime_entry_enclosed,
          disabler_island, uniq_kirke
Swamp:1:  layout_basic_swamp, evilmike_swamp_ruin_house_3, uniq_frances
Swamp:2:  layout_falls_marsh, evilmike_swamp_ruin_house_6, swamp_pool4,
          nicolae_swamp_necromancy_gone_wrong
Swamp:3:  layout_basic_swamp, gammafunk_ghost_grave, serial_swamp_ruin,
          evilmike_swamp_ruin_rubble_1, evilmike_swamp_ruin_house_5,
          evilmike_swamp_ruin_house_4, swamp_pool4
Swamp:4:  swamp_basic_johnstein, layout_basic_swamp
Snake:1:  layout_rooms, uniq_mlioglotl
Snake:2:  layout_rooms
Snake:3:  layout_grid_shapes, minmay_shop_grove, nicolae_triple_integral,
          uniq_agnes
Snake:4:  hellmonk_snake_rune_quicksilver_temple, layout_cave_town,
          serial_shops, nicolae_lakefront_shop, uniq_aizul, uniq_roxanne
Slime:1:  cheibrodos_slime_lost_civilization_1, layout_caves,
          cheibrodos_slime_lost_civilization_5
Slime:2:  layout_caves
Slime:3:  layout_caves, nicolae_slime_rock_hall_of_fame
Slime:4:  layout_caves
Slime:5:  slime_pit_nicolae_royal_road_to_ruin
Orc:1:    layout_diamond_mine, nicolae_orc_pool_cavern,
          kennysheep_orc_sif_temple
Orc:2:    st_orc_open, layout_caves, minmay_orc_temple_b
Vaults:1: hellmonk_ghost_happy_afterlife, vaults_standard_mumra_x, v_misc_18,
          hangedman_vaults_maws, nicolae_vaults_specimen_jars,
          vaults_room_grunt_arrival_checkpoint, nicolae_vaults_alarming,
          nicolae_vaults_tetromino_T_1, nicolae_vaults_border_crossing,
          vaults_room_pool, ontoclasm_vaults_misaligned, ontoclasm_vaults_pinch,
          st_smaller_cells, layout_vaults_omnibox, serial_shops,
          nicolae_shop_statue_plus
Vaults:2: nicolae_vaults_spaceships, nicolae_vaults_taking_the_gang_shopping,
          ontoclasm_vaults_ring_small, grunt_vaults_swirl,
          hangedman_vaults_cutoff, nicolae_vaults_little_squares_2,
          hangedman_vaults_hat, v_misc_33, nicolae_vaults_little_squares_2,
          nicolae_vaults_trapezoid_4, ontoclasm_vaults_twist,
          layout_vaults_chaotic_city, serial_shops, shop, uniq_frederick,
          uniq_asterion, uniq_jory
Vaults:3: ploomutoo_gammafunk_ghost_potion_laboratory,
          minmay_crypt_entry_simple_sparse, nicolae_vaults_double_plus_3,
          ontoclasm_vaults_ring_small, nicolae_vaults_octothorpe,
          vaults_dpeg_ring, serial_ice_h, nicolae_vaults_diamond_1,
          vaults_room_fours, nicolae_vaults_little_squares_1,
          nicolae_vaults_tetromino_Z_2, layout_vaults_omnigrid, uniq_margery
Vaults:4: nicolae_vaults_six-pack, hangedman_vaults_stitches,
          nicolae_vaults_trapezoid_lopsided_4, v_misc_11,
          nicolae_vaults_storage_closets_3, v_misc_23, v_misc_25,
          ontoclasm_vaults_bender, layout_vaults_ring, enter_trove_3
Depths:1: layout_basic, grunt_mini_vestibule,
          nicolae_abyss_entry_one_way_or_another,
          nicolae_yredelemnul_corpse_copse, uniq_bai_suzhen
Depths:2: gold_lair_mu, layout_gridlike, pf_hell_entry_tar_river, pan_entry,
          grunt_decor_arrowhead, uniq_enchantress, uniq_sojobo, uniq_mara
Depths:3: minmay_stepped, layout_gridlike, hell_entry, rand_demon_pan_entry_8,
          nicolae_titane, abyss_entry_crystal, uniq_vv
Depths:4: evilmike_zot_entry_basic, layout_gridlike, enter_ziggurat_b,
          rand_demon_pan_entry_1, chequers_serial_rivers_small_b, hell_entry,
          minmay_misc_feat_four_crosses
Zot:1:    layout_onion_interference, amethyst_zot_foddershock, uniq_parghit
Zot:2:    layout_gridlike, serial_nicolae_subway, nicolae_sub_station_crystal,
          nicolae_sub_station_stone, nicolae_sub_station_metal
Zot:3:    layout_twisted_circle, lemuel_elevator, grunt_megastairs_1
Zot:4:    layout_cathedral_of_symmetry, lemuel_elevator
Zot:5:    layout_misc_corridors

Skill      XL: |  1  2  3  4  5  6  7  8  9 10 11 12 13 14 15 16 17 18 19 20 21 22 23 24 |
---------------+-------------------------------------------------------------------------+-----
Necromancy     | 1 |  1.0
Conjurations   | 3 4 5 7 8 |  8.3
Air Magic      | 1 3 4 6 9 10 13 14 16 18 22 23 | 23.1
Spellcasting   | 3 4 6 7 10 | 10.7
Translocations | 1 |  1.0
Poison Magic   | 1 |  1.0
Fighting       | 7 9 11 12 16 | 16.9
Armour         | 8 9 10 13 15 19 | 19.4
Long Blades    | 6 |  6.3
Evocations     | 8 |  8.4
Short Blades   | 7 13 | 13.4
Stealth        | 6 |  6.5
Fire Magic     | 4 7 |  7.7
Dodging        | 4 10 11 | 11.3
Invocations    | 8 |  8.2
Shields        | 13 | 13.6

Action                     |  1- 3 |  4- 6 |  7- 9 | 10-12 | 13-15 | 16-18 | 19-21 | 22-24 || total
---------------------------+-------+-------+-------+-------+-------+-------+-------+-------++-------
  Melee: Falchion          |   103 |    16 |       |       |       |       |       |       ||   119
         Tailslap          |    10 |     8 |    15 |    45 |    81 |   119 |   116 |   131 ||   525
         Quarterstaff      |       |    18 |       |     8 |       |       |       |       ||    26
         Spear             |       |     4 |   110 |       |       |       |       |       ||   114
         Punch             |       |       |     1 |       |       |       |       |       ||     1
         Long sword        |       |       |       |   108 |       |       |       |       ||   108
         Kick              |       |       |       |    73 |   171 |   248 |   272 |       ||   764
         Rapier            |       |       |       |   137 |   470 |   671 |   607 |   608 ||  2493
         Bite              |       |       |       |       |       |       |    12 |   106 ||   118
   Fire: Shortbow          |       |       |    50 |       |       |       |       |       ||    50
  Throw: Dart              |       |       |       |     1 |       |       |       |       ||     1
   Cast: Static Discharge  |     2 |     8 |    25 |    17 |       |       |       |       ||    52
         Momentum Strike   |     1 |     7 |     1 |     1 |       |     1 |       |       ||    11
         Searing Ray       |       |     3 |    23 |    21 |     4 |       |       |       ||    51
         Kiss of Death     |       |     1 |     2 |       |       |       |       |       ||     3
         Mephitic Cloud    |       |     3 |    14 |    22 |     4 |     3 |     3 |     1 ||    50
         Vhi's Electric Ch |       |       |       |    15 |     5 |    10 |     1 |     5 ||    36
         Arcjolt           |       |       |       |     9 |    81 |    71 |    68 |    46 ||   275
         Plasma Beam       |       |       |       |       |    25 |    72 |   192 |    36 ||   325
         Conjure Ball Ligh |       |       |       |       |       |    22 |    33 |     7 ||    62
         Maxwell's Capacit |       |       |       |       |       |       |       |     7 ||     7
         Summon Lightning  |       |       |       |       |       |       |       |     1 ||     1
         Airstrike         |       |       |       |       |       |       |       |     4 ||     4
 Invoke: Ancestor Life: Ba |       |       |     1 |       |       |       |       |       ||     1
         Recall Ancestor   |       |       |       |     1 |     4 |     5 |     8 |     5 ||    23
         Idealise          |       |       |       |       |       |       |     3 |     5 ||     8
         Transference      |       |       |       |       |       |       |       |     2 ||     2
Ability: Evoke Invisibilit |       |       |       |       |       |     1 |       |       ||     1
  Evoke: Wand              |     8 |     6 |       |     2 |     7 |     3 |     7 |     9 ||    42
         Condenser vane    |       |       |       |     1 |     2 |     2 |     3 |     1 ||     9
         Phial of floods   |       |       |       |       |     3 |     1 |     3 |     2 ||     9
    Use: Potion            |       |       |     8 |     3 |     3 |    10 |    11 |       ||    35
         Scroll            |       |       |       |    24 |    10 |     3 |    12 |     8 ||    57
   Stab: Sleeping          |     1 |       |     1 |     1 |    19 |     5 |       |       ||    27
         Distracted        |     1 |       |       |     6 |     4 |     7 |     9 |    11 ||    38
         Confused          |       |     2 |     1 |     5 |     1 |       |     3 |       ||    12
         Invisible         |       |       |       |       |     5 |     1 |       |       ||     6
 Armour: Leather armour    |    39 |    22 |    33 |     1 |       |       |       |       ||    95
         Ring mail         |       |       |       |    21 |       |       |       |       ||    21
         Troll leather arm |       |       |       |    96 |   392 |    64 |       |       ||   552
         Chain mail        |       |       |       |       |       |   744 |   807 |   679 ||  2230
  Dodge: Dodged            |    63 |    22 |    92 |   118 |   312 |   292 |   238 |   139 ||  1276
  Block: Other             |       |       |     4 |     3 |       |       |       |       ||     7
         Buckler           |       |       |       |    40 |    88 |    94 |    75 |       ||   297
         Tower shield      |       |       |       |       |       |       |   121 |   689 ||   810

Table legend: (Time is in decaauts)
 A = Elapsed time spent in this place.
 B = Non-inter-level travel time spent in this place.
 C = Inter-level travel time spent in this place.
 D = Time resting spent in this place.
 E = Time spent auto-exploring this place.
 F = Levels seen in this place.
 G = Mean time per level.
                   A        B        C        D        E       F      G
               +--------+--------+--------+--------+--------+-----+--------+
         Total |  68919 |  65429 |   3490 |  19305 |  34094 |  50 | 1378.4 |
       Dungeon |  18937 |  17645 |   1292 |   2706 |  11713 |  15 | 1262.5 |
          Lair |   7159 |   6519 |    640 |    982 |   4418 |   5 | 1431.8 |
         Swamp |   4537 |   4328 |    209 |   1679 |   1766 |   4 | 1134.2 |
     Snake Pit |   6059 |   5781 |    278 |   1640 |   3161 |   4 | 1514.8 |
    Slime Pits |   5708 |   5442 |    266 |   3097 |   1381 |   5 | 1141.6 |
  Orcish Mines |   1394 |   1184 |    210 |    123 |    787 |   2 |  697.0 |
        Vaults |   9457 |   9273 |    184 |   2414 |   5622 |   4 | 2364.2 |
        Depths |   7715 |   7501 |    214 |   3144 |   3115 |   4 | 1928.8 |
           Zot |   6787 |   6593 |    194 |   3317 |   1604 |   5 | 1357.4 |
        Bailey |    285 |    285 |      0 |      0 |    157 |   1 |  285.0 |
      Ice Cave |    876 |    876 |      0 |    199 |    367 |   1 |  876.0 |
               +--------+--------+--------+--------+--------+-----+--------+

Top non-repeatable levels by time:
Vaults:4: 2659 daAuts
Vaults:2: 2508 daAuts
   Zot:5: 2476 daAuts
Depths:4: 2428 daAuts
Vaults:3: 2224 daAuts
Depths:3: 2095 daAuts
Vaults:1: 2064 daAuts
    D:14: 2018 daAuts
 Snake:3: 2009 daAuts
Depths:2: 1946 daAuts
 Swamp:3: 1910 daAuts
 Snake:4: 1909 daAuts
  Lair:5: 1781 daAuts
 Slime:5: 1742 daAuts
   Zot:2: 1645 daAuts

Levels and vault maps discovered:
D:1:      noname_arrival_rooms_in_the_neighbourhood, layout_basic,
          item_on_display_a
D:2:      kennysheep_six_static_rooms, layout_basic, serial_co_window_serial,
          co_window_of_opportunity_a, co_window_paths_a,
          co_window_of_opportunity_a, co_window_corner_a, co_window_paths_b,
          co_window_of_opportunity_a, co_window_paths_a, co_window_corner_a,
          co_window_cross_1, co_window_cross_2, co_window_unsneaky_path_e,
          co_window_broadway_b, co_window_unsneaky_path_a, co_window_corner_cb,
          co_window_of_opportunity_b, glass_columns_a, basic_altar
D:3:      layout_basic, st_stairs_8
D:4:      layout_rooms, mainiacjoe_overflow_catwalk, nicolae_gozag_seed_capital,
          nicolae_overflow_hallway_of_the_gods
D:5:      due_chaos_kobolds, layout_rooms, mainiacjoe_overflow_boulevard,
          minmay_temple_entry_drinking_statues, kennysheep_generic_room_14,
          uniq_sigmund, uniq_menkaure
D:6:      layout_gridville, serial_shops, nicolae_shop_behind_doors
D:7:      layout_cave_pods, uniq_pikel, uniq_duvessa
D:8:      layout_cave_pods, gammafunk_temple_overflow_forgotten,
          nicolae_specific_store, uniq_grum, uniq_joseph
D:9:      layout_irregular_city, serial_shops, shop,
          minmay_mirror_moons_of_madness, uniq_prince_ribbit1
D:10:     layout_loops_ring, nicolae_overflow_crystal_walls, erik_lair_island,
          enter_bailey_4, minmay_protected_statue
D:11:     layout_long_grid, minivault_16, hangedman_feature_mirror
D:12:     layout_irregular_city
D:13:     layout_long_grid, ximxim_vaults_locker_room
D:14:     minmay_the_grid_four_pointed_star
          [minmay_the_grid_triangle_9x9_wacky_v,
          minmay_the_grid_triangle_9x9_skeleton,
          minmay_the_grid_triangle_9x9_warning,
          minmay_the_grid_triangle_9x9_thin_v,
          minmay_the_grid_prize_shrinking_boxes], layout_long_grid,
          solitary_fountain, grunt_ministairs_15, uniq_louise, uniq_snorg
D:15:     grunt_enter_depths_snipers, layout_rooms, evilmike_ruin_ashenzari
Lair:1:   layout_roguey, grunt_megastairs_3, infiniplex_staircase_pool_2,
          serial_bayou_shore_a, uniq_fannar
Lair:2:   layout_regular_city, guppyfry_snake_entry_garden,
          portal_ice_cave_demonic_guard, gammafunk_ghost_hive, evilmike_ambush
          [evilmike_ambush_outer_basic, evilmike_ambush_inner_wall_2],
          infiniplex_staircase_pool
Lair:3:   layout_layer_cave, swamp_mist_pool, grunt_megastairs_2
Lair:4:   layout_cave_pods, grunt_megastairs_4, lemuel_fruit_fields
Lair:5:   evilmike_catoblepas_cave, layout_gridlike, dpeg_slime_entry_enclosed,
          disabler_island, uniq_kirke
Swamp:1:  layout_basic_swamp, evilmike_swamp_ruin_house_3, uniq_frances
Swamp:2:  layout_falls_marsh, evilmike_swamp_ruin_house_6, swamp_pool4,
          nicolae_swamp_necromancy_gone_wrong
Swamp:3:  layout_basic_swamp, gammafunk_ghost_grave, serial_swamp_ruin,
          evilmike_swamp_ruin_rubble_1, evilmike_swamp_ruin_house_5,
          evilmike_swamp_ruin_house_4, swamp_pool4
Swamp:4:  swamp_basic_johnstein, layout_basic_swamp
Snake:1:  layout_rooms, uniq_mlioglotl
Snake:2:  layout_rooms
Snake:3:  layout_grid_shapes, minmay_shop_grove, nicolae_triple_integral,
          uniq_agnes
Snake:4:  hellmonk_snake_rune_quicksilver_temple, layout_cave_town,
          serial_shops, nicolae_lakefront_shop, uniq_aizul, uniq_roxanne
Slime:1:  cheibrodos_slime_lost_civilization_1, layout_caves,
          cheibrodos_slime_lost_civilization_5
Slime:2:  layout_caves
Slime:3:  layout_caves, nicolae_slime_rock_hall_of_fame
Slime:4:  layout_caves
Slime:5:  slime_pit_nicolae_royal_road_to_ruin
Orc:1:    layout_diamond_mine, nicolae_orc_pool_cavern,
          kennysheep_orc_sif_temple
Orc:2:    st_orc_open, layout_caves, minmay_orc_temple_b
Vaults:1: hellmonk_ghost_happy_afterlife, vaults_standard_mumra_x, v_misc_18,
          hangedman_vaults_maws, nicolae_vaults_specimen_jars,
          vaults_room_grunt_arrival_checkpoint, nicolae_vaults_alarming,
          nicolae_vaults_tetromino_T_1, nicolae_vaults_border_crossing,
          vaults_room_pool, ontoclasm_vaults_misaligned, ontoclasm_vaults_pinch,
          st_smaller_cells, layout_vaults_omnibox, serial_shops,
          nicolae_shop_statue_plus
Vaults:2: nicolae_vaults_spaceships, nicolae_vaults_taking_the_gang_shopping,
          ontoclasm_vaults_ring_small, grunt_vaults_swirl,
          hangedman_vaults_cutoff, nicolae_vaults_little_squares_2,
          hangedman_vaults_hat, v_misc_33, nicolae_vaults_little_squares_2,
          nicolae_vaults_trapezoid_4, ontoclasm_vaults_twist,
          layout_vaults_chaotic_city, serial_shops, shop, uniq_frederick,
          uniq_asterion, uniq_jory
Vaults:3: ploomutoo_gammafunk_ghost_potion_laboratory,
          minmay_crypt_entry_simple_sparse, nicolae_vaults_double_plus_3,
          ontoclasm_vaults_ring_small, nicolae_vaults_octothorpe,
          vaults_dpeg_ring, serial_ice_h, nicolae_vaults_diamond_1,
          vaults_room_fours, nicolae_vaults_little_squares_1,
          nicolae_vaults_tetromino_Z_2, layout_vaults_omnigrid, uniq_margery
Vaults:4: nicolae_vaults_six-pack, hangedman_vaults_stitches,
          nicolae_vaults_trapezoid_lopsided_4, v_misc_11,
          nicolae_vaults_storage_closets_3, v_misc_23, v_misc_25,
          ontoclasm_vaults_bender, layout_vaults_ring, enter_trove_3
Depths:1: layout_basic, grunt_mini_vestibule,
          nicolae_abyss_entry_one_way_or_another,
          nicolae_yredelemnul_corpse_copse, uniq_bai_suzhen
Depths:2: gold_lair_mu, layout_gridlike, pf_hell_entry_tar_river, pan_entry,
          grunt_decor_arrowhead, uniq_enchantress, uniq_sojobo, uniq_mara
Depths:3: minmay_stepped, layout_gridlike, hell_entry, rand_demon_pan_entry_8,
          nicolae_titane, abyss_entry_crystal, uniq_vv
Depths:4: evilmike_zot_entry_basic, layout_gridlike, enter_ziggurat_b,
          rand_demon_pan_entry_1, chequers_serial_rivers_small_b, hell_entry,
          minmay_misc_feat_four_crosses
Zot:1:    layout_onion_interference, amethyst_zot_foddershock, uniq_parghit
Zot:2:    layout_gridlike, serial_nicolae_subway, nicolae_sub_station_crystal,
          nicolae_sub_station_stone, nicolae_sub_station_metal
Zot:3:    layout_twisted_circle, lemuel_elevator, grunt_megastairs_1
Zot:4:    layout_cathedral_of_symmetry, lemuel_elevator
Zot:5:    layout_misc_corridors

Table legend: (Time is in decaauts)
 A = Elapsed time spent in this place.
 B = Non-inter-level travel time spent in this place.
 C = Inter-level travel time spent in this place.
 D = Time resting spent in this place.
 E = Time spent auto-exploring this place.
 F = Levels seen in this place.
 G = Mean time per level.
                   A        B        C        D        E       F      G
               +--------+--------+--------+--------+--------+-----+--------+
         Total |  68919 |  65429 |   3490 |  19305 |  34094 |  50 | 1378.4 |
       Dungeon |  18937 |  17645 |   1292 |   2706 |  11713 |  15 | 1262.5 |
          Lair |   7159 |   6519 |    640 |    982 |   4418 |   5 | 1431.8 |
         Swamp |   4537 |   4328 |    209 |   1679 |   1766 |   4 | 1134.2 |
     Snake Pit |   6059 |   5781 |    278 |   1640 |   3161 |   4 | 1514.8 |
    Slime Pits |   5708 |   5442 |    266 |   3097 |   1381 |   5 | 1141.6 |
  Orcish Mines |   1394 |   1184 |    210 |    123 |    787 |   2 |  697.0 |
        Vaults |   9457 |   9273 |    184 |   2414 |   5622 |   4 | 2364.2 |
        Depths |   7715 |   7501 |    214 |   3144 |   3115 |   4 | 1928.8 |
           Zot |   6787 |   6593 |    194 |   3317 |   1604 |   5 | 1357.4 |
        Bailey |    285 |    285 |      0 |      0 |    157 |   1 |  285.0 |
      Ice Cave |    876 |    876 |      0 |    199 |    367 |   1 |  876.0 |
               +--------+--------+--------+--------+--------+-----+--------+

Top non-repeatable levels by time:
Vaults:4: 2659 daAuts
Vaults:2: 2508 daAuts
   Zot:5: 2476 daAuts
Depths:4: 2428 daAuts
Vaults:3: 2224 daAuts
Depths:3: 2095 daAuts
Vaults:1: 2064 daAuts
    D:14: 2018 daAuts
 Snake:3: 2009 daAuts
Depths:2: 1946 daAuts
 Swamp:3: 1910 daAuts
 Snake:4: 1909 daAuts
  Lair:5: 1781 daAuts
 Slime:5: 1742 daAuts
   Zot:2: 1645 daAuts

Table legend:
 A = Kills in this place as a percentage of kills in the entire game.
 B = Kills by you in this place as a percentage of kills by you in the entire game.
 C = Kills by friends in this place as a percentage of kills by friends in the entire game.
 D = Other kills in this place as a percentage of other kills in the entire game.
 E = Experience gained in this place as a percentage of experience gained in the entire game.
 F = Experience gained in this place divided by the number of levels of this place that you have seen.
                   A       B       C       D       E      F
               +-------+-------+-------+-------+-------+----------------------
         Total | 100.0 | 100.0 | 100.0 | 100.0 | 100.0 | 20870.1
       Dungeon |  21.8 |  22.2 |  18.5 |  47.6 |   8.0 | 5584.9
          Lair |   9.9 |   9.3 |  12.7 |   4.8 |   5.2 | 10865.0
         Swamp |   7.3 |   8.5 |   2.3 |   9.5 |   6.7 | 17451.5
     Snake Pit |  10.6 |  10.2 |  12.7 |   0.0 |   9.5 | 24724.0
    Slime Pits |   6.9 |   8.3 |   1.7 |   0.0 |   8.9 | 18541.6
  Orcish Mines |   5.0 |   5.4 |   4.0 |   0.0 |   1.9 | 9877.5
        Vaults |  13.4 |  16.4 |   2.3 |   4.8 |  15.9 | 41487.8
        Depths |  11.0 |   8.4 |  20.5 |  19.0 |  17.8 | 46518.2
           Zot |  10.3 |   7.9 |  19.9 |   0.0 |  24.6 | 51396.6
        Bailey |   1.3 |   0.8 |   2.3 |  14.3 |   0.1 | 1212.0
      Ice Cave |   2.7 |   2.7 |   2.9 |   0.0 |   1.3 | 14024.0
               +-------+-------+-------+-------+-------+----------------------
